 Dungeon Crawl Stone Soup version 0.29-a0-993-g4a18f31a58 (webtiles) character file.

Game seed: 4901997306020355074

12 spaghetti the Caller (level 2, -10/20 HPs)
             Began as a Gnoll Summoner on Aug 2, 2022.
             Was a High Priest of Ignis.
             Mangled by Terence
             ... wielding a +1 vorpal flail
              (11 damage)
             ... on level 2 of the Dungeon.
             The game lasted 00:02:34 (1192 turns).

spaghetti the Caller (Gnoll Summoner)               Turns: 1192, Time: 00:02:35

Health: -10/20     AC:  2    Str:  6 (7)  XL:     2   Next: 33%
Magic:  6/7        EV: 13    Int: 13 (14) God:    Ignis [*****.]
Gold:   66         SH:  0    Dex: 11 (12) Spells: 9/10 levels left

rFire   + . .      SeeInvis .   f - +0 short sword {short}
rCold   . . .      Faith    .   (no shield)
rNeg    . . .      Spirit   .   a - +0 robe
rPois   .          Reflect  .   (no helmet)
rElec   .          Harm     .   (no cloak)
rCorr   .          Rampage  .   (no gloves)
Will    .....                   (no boots)
Stlth   ++........              (no amulet)
HPRegen 0.06/turn               (no ring)
MPRegen 0.10/turn               (no ring)

@: no status effects
A: fangs 1, strong nose, distributed training
a: Renounce Religion, Fiery Armour, Foxfire Swarm, Rising Flame


You were on level 2 of the Dungeon.
You worshipped Ignis.
Ignis was extremely pleased with you.
You visited 1 branch of the dungeon, and saw 2 of its levels.

You collected 66 gold pieces.


Innate Abilities, Weirdness & Mutations

You have very sharp teeth.
Your uncanny sense of smell can sniff out nearby items.
Your experience applies equally to all skills.


   Skills:
 + Level 0.4 Fighting
 + Level 0.4 Short Blades
 + Level 0.4 Long Blades
 + Level 0.4 Axes
 + Level 0.4 Maces & Flails
 + Level 0.4 Polearms
 + Level 0.4 Staves
 + Level 0.4 Ranged Weapons
 + Level 0.4 Throwing
 + Level 0.4 Armour
 + Level 4.5 Dodging
 + Level 4.1 Stealth
 + Level 0.4 Shields
 + Level 0.4 Unarmed Combat
 + Level 4.9 Spellcasting
 + Level 0.2 Conjurations
 + Level 0.2 Hexes
 + Level 7.0 Summonings
 + Level 0.2 Necromancy
 + Level 0.2 Translocations
 + Level 0.2 Transmutations
 + Level 0.2 Fire Magic
 + Level 0.2 Ice Magic
 + Level 0.2 Air Magic
 + Level 0.2 Earth Magic
 + Level 0.2 Poison Magic
 + Level 0.5 Invocations
 + Level 0.4 Evocations


You had 9 spell levels left.
You knew the following spells:

 Your Spells              Type           Power      Damage    Failure   Level
a - Summon Small Mammal   Summ           84%        N/A       1%          1

Your spell library contained the following spells:

 Spells                   Type           Power      Damage    Failure   Level
 Call Imp                 Summ           21%        N/A       1%          2
 Call Canine Familiar     Summ           21%        N/A       3%          3
 Summon Guardian Golem    Hex/Summ       12%        N/A       12%         3
 Shock                    Conj/Air       12%        1d3       17%         1
 Summon Lightning Spire   Summ/Air       12%        N/A       38%         4
 Portal Projectile        Hex/Tloc       6%         N/A       45%         3
 Swiftness                Air            3%         N/A       45%         3
 Airstrike                Air            1%         2d(1-17)  86%         4
 Leda's Liquefaction      Hex/Erth       1%         N/A       86%         4

Inventory:

Hand Weapons
 f - a +0 short sword (weapon) {short}
   (You found it on level 1 of the Dungeon)
 l - a +1 dagger of speed {short}
   (You found it on level 2 of the Dungeon)
Missiles
 c - 16 stones {throwing}
 g - 6 boomerangs {throwing}
 k - 5 javelins {throwing}
Armour
 a - a +0 robe (worn)
Jewellery
 o - a ring of protection from cold
   (You found it on level 2 of the Dungeon)
Scrolls
 d - a scroll of summoning {unknown}
 e - a scroll of teleportation {unknown}
 i - a scroll of poison {unknown}
 j - a scroll of vulnerability {unknown}
 m - 2 scrolls of amnesia {unknown}
 n - a scroll of identify {unknown}
Potions
 b - a potion of magic
 p - a potion of resistance {unknown}

Dungeon Overview and Level Annotations

Branches:
Dungeon (2/15) Zot: 10804

Altars:
Ignis

Shops:
D:1 (

Annotations:
D:2 Terence

.###.......# ##.....##
#.......#.#.###......†###
......................)..
#.##.....##.###.......##.
...###.#.###.#
##.....###. .
.......###.# #........#.
###.......# #[##.##..#.
##.r.#### #.##.##..#.
#..@# #.##....... #.@.#
#.......... #...##
#..#.##...#
.........##....<....#
................##....
#...........###.####.#.#
..###...### #......#.# ##
..... ########.# ######.#


You could see Terence (ally target) and a friendly quokka (summoned).


Message History

l - a +1 dagger of speed {short} 😕 HP[+1]
m - a scroll labelled WIEGON HUCYEPRA 😎 HP[+1]
Your hp is fully restored (20).
A kobold comes into view. It is wielding a +0 club.
The kobold shouts!
The kobold moves out of view.
A hobgoblin comes into view.
The hobgoblin moves out of view.
The kobold barely misses you.
You barely miss the kobold. The kobold misses you.
You hit the kobold.
You kill the kobold!
The hobgoblin completely misses you.
Things that are here:
a +0 club {mace}; a scroll labelled WIEGON HUCYEPRA; a kobold corpse You hit the hobgoblin.
Your bite misses the hobgoblin. The hobgoblin completely misses you.
You barely miss the hobgoblin. The hobgoblin closely misses you.
You hit the hobgoblin. The hobgoblin barely misses you.
You hit the hobgoblin.
You kill the hobgoblin!
No target in view!
No target in view!
No target in view!
No target in view!
No target in view!
No target in view!
No target in view!
No target in view!
No target in view!
No target in view!
m - 2 scrolls labelled WIEGON HUCYEPRA (gained 1)
Things that are here:
a +0 club {mace}; a kobold corpse
n - a scroll labelled ASODUE QIRRUOX You see here a hobgoblin corpse.
Found a stone staircase leading down.
o - a ring of protection from cold;
p - a puce potion A hobgoblin comes into view.
The hobgoblin shouts!
You barely miss the hobgoblin.
You bite the hobgoblin, but do no damage.
The hobgoblin barely misses you.
You hit the hobgoblin but do no damage. The hobgoblin misses you.
You barely miss the hobgoblin. The hobgoblin barely misses you.
You closely miss the hobgoblin. The hobgoblin barely misses you.
You hit the hobgoblin but do no damage.
You bite the hobgoblin, but do no damage.
The hobgoblin closely misses you. The hobgoblin hits you. 😕 HP[-4]
You take 4 damage, and now have 16/20 hp.
You are too injured to fight recklessly!
You are too injured to fight recklessly!
You are too injured to fight recklessly!
You are too injured to fight recklessly!
You are too injured to fight recklessly!
You are too injured to fight recklessly!
You are too injured to fight recklessly!
A hobgoblin is nearby!
A hobgoblin is nearby!
You hit the hobgoblin. The hobgoblin closely misses you.
You hit the hobgoblin. The hobgoblin hits you. 😮 HP[-2]
You take 2 damage, and now have 14/20 hp.
You hit the hobgoblin.
You kill the hobgoblin!
Key pressed, stopping explore.
You now have 66 gold pieces (gained 10).
Terence the Incautious comes into view.
He is wielding a +1 vorpal flail. 😎 HP[+6]
Your hp is fully restored (20).
The helpless Terence fails to defend himself.
You hit Terence but do no damage. Terence closely misses you.
You barely miss Terence. Terence barely misses you.
You hit Terence. You bite Terence, but do no damage.
Terence shouts, "Now you die!"
Terence hits you with a +1 vorpal flail!
* * * LOW HITPOINT WARNING * * *
You are too injured to fight recklessly! 😨 HP[-11]
You take 11 damage, and now have 9/20 hp.
MASSIVE DAMAGE!! (PAUSE) Unknown command.
Casting: Summon Small Mammal (safe; 1% risk of failure)
Confirm with . or Enter, or press ? or * to list all spells.
Terence hits you with a +1 vorpal flail!
* * * LOW HITPOINT WARNING * * *
x2 😱 HP[-8] MP[-1]
You take 8 damage, and now have 1/20 hp.
MASSIVE DAMAGE!! (PAUSE)
You lost 1 mp, and now have 6/7 mp.
Okay, then.
It was a potion of degeneration.
There was something very wrong with that liquid.
You feel weakened.
You feel dopey.
You feel clumsy.
Terence hits you with a +1 vorpal flail!
Ouch! That really hurt!
You die...

Action                   || total
-------------------------++-------
Melee: Unarmed           ||    17
       Short sword       ||    32
       Bite              ||     6
 Cast: Summon Small Mamm ||     9
  Use: Potion            ||     1
 Stab: Sleeping          ||     2
Armor: Robe              ||    10
Dodge: Dodged            ||    37

Levels and vault maps discovered:
D:1:      minmay_arrival_hallway, layout_rooms,
          shapermc_ecumenical_altar_mp_urbaneastern, serial_shops,
          nicolae_shop_stone, serial_corexii_hall, corexii_hall_statues_x,
          corexii_hall_statues_deadend, corexii_hall_statues_x,
          corexii_hall_statues_l
D:2:      layout_loops_cross, uniq_terence

Notes
Turn   | Place    | Note
-------+----------+-------------------------------------------
     0 | D:1      | spaghetti the Gnoll Summoner began the quest for the Orb.
     0 | D:1      | Reached XP level 1. HP: 13/13 MP: 6/6
     0 | D:1      | magus.rc [v1.9.6]
     9 | D:1      | You pick up a book of the Hunter and begin reading...
     9 | D:1      | You add the spells Portal Projectile and Leda's
                  | Liquefaction to your library.
   414 | D:1      | magus.rc [v1.9.6]
   510 | D:1      | Found Liokalog's Weapon Emporium.
   582 | D:1      | Found a faded altar of an unknown god.
   606 | D:1      | You pick up a book of Air and begin reading...
   606 | D:1      | You add the spells Shock, Swiftness and Airstrike to your
                  | library.
   622 | D:1      | Reached XP level 2. HP: 15/19 MP: 7/7
   917 | D:1      | Prayed at the altar of an unknown god.
   917 | D:1      | Became a worshipper of Ignis, the Dying Flame
  1185 | D:2      | Noticed Terence
  1191 | D:2      | HP: 2/20 [Terence/+1 vorpal flail (7)]
  1192 | D:2      | Mangled by Terence

Vanquished Creatures
  A goblin (D:2)
  3 hobgoblins
  2 kobolds
  A rat (D:1)
7 creatures vanquished.

Vanquished Creatures (collateral kills)
  A hobgoblin (D:1)
  A kobold (D:1)
  2 bats (D:1)
4 creatures vanquished.

Grand Total: 11 creatures vanquished

Table legend:
 A = Non-vault XP
 B = Vault XP
 C = Vault XP percentage of total XP
 D = Non-vault monster count
 E = Vault monster count
 F = Vault count percentage of total count
                 A         B        C        D         E       F
            +---------+---------+-------+---------+---------+-------
      Total |      18 |       0 |   0.0 |      11 |       0 |   0.0
            +---------+---------+-------+---------+---------+-------
        D:1 |      10 |       0 |   0.0 |       7 |       0 |   0.0
        D:2 |       8 |       0 |   0.0 |       4 |       0 |   0.0
            +---------+---------+-------+---------+---------+-------

Illustrated notes

Table legend:
 A = Kills in this place as a percentage of kills in entire the game.
 B = Kills by you in this place as a percentage of kills by you in the entire game.
 C = Kills by friends in this place as a percentage of kills by friends in the entire game.
 D = Other kills in this place as a percentage of other kills in the entire game.
 E = Experience gained in this place as a percentage of experience gained in the entire game.
 F = Experience gained in this place divided by the number of levels of this place that you have seen.
                   A       B       C       D       E      F
               +-------+-------+-------+-------+-------+----------------------
         Total | 100.0 | 100.0 | 100.0 |   N/A | 100.0 |   9.0
       Dungeon | 100.0 | 100.0 | 100.0 |   N/A | 100.0 |   9.0
               +-------+-------+-------+-------+-------+----------------------

Table legend: (Time is in decaauts)
 A = Elapsed time spent in this place.
 B = Non-inter-level travel time spent in this place.
 C = Inter-level travel time spent in this place.
 D = Time resting spent in this place.
 E = Time spent auto-exploring this place.
 F = Levels seen in this place.
 G = Mean time per level.
                   A        B        C        D        E       F      G
               +--------+--------+--------+--------+--------+-----+--------+
         Total |   1194 |   1130 |     64 |      0 |    992 |   2 |  597.0 |
       Dungeon |   1194 |   1130 |     64 |      0 |    992 |   2 |  597.0 |
               +--------+--------+--------+--------+--------+-----+--------+

Top non-repeatable levels by time:
     D:1: 937 daAuts
     D:2: 256 daAuts
